 Dungeon Crawl Stone Soup version 0.32-a0-791-gfc315c9ecd (webtiles) character file.

Game seed: 4766603365816750766

43906 Alarak the Champion of Chaos (level 13, -3/118 HPs)
             Began as a Mountain Dwarf Fighter on Mar 20, 2024.
             Was the Champion of Makhleb.
             Slain by a skyshark (7 damage)
             ... on level 5 of the Lair of Beasts on Mar 21, 2024.
             The game lasted 00:42:14 (16425 turns).

Alarak the Champion of Chaos (MDFi)                Turns: 16425, Time: 00:42:15

Health: -3/118     AC: 25    Str: 37    XL:     13   Next: 93%
Magic:  26/34      EV:  9    Int:  9    God:    Makhleb [******]
Gold:   1044       SH:  0    Dex:  9    Spells: 12/12 levels left

rFire   . . .        A - +7 lajatang of Fuori {drain, rC- MP+9 Str+7}
rCold   x . .        (shield currently unavailable)
rNeg    . . .        L - +0 plate armour
rPois   .            (no helmet)
rElec   .            j - +0 cloak
rCorr   .            y - +2 pair of gloves
SInv    .            N - +0 pair of boots
Will    +....        g - amulet of magic regeneration Stlth
                     v - +4 ring of protection
HPRegen 0.39/turn    E - +6 ring of strength
MPRegen 0.64/turn

%: no passive effects
@: mighty, lethally poisoned (-3 -> -12)
A: runic magic, artefact enchanting
a: Renounce Religion, Minor Destruction, Lesser Servant of Makhleb, Major
Destruction, Greater Servant of Makhleb


You were on level 5 of the Lair of Beasts.
You worshipped Makhleb.
Makhleb was exalted by your worship.
You visited 2 branches of the dungeon, and saw 17 of its levels.
You also visited: Sewer and Ossuary.

You collected 1044 gold pieces.

Inventory:

Hand Weapons
 A - the +7 lajatang of Fuori (weapon) {drain, rC- MP+9 Str+7}
   (You found it on level 5 of the Dungeon)

   Str+7:     It affects your strength (+7).
   rC-:       It makes you vulnerable to cold.
   MP+9:      It affects your magic capacity (+9).
 B - a +5 heavy flail
 M - a +1 whip of distortion
Missiles
 i - 10 poisoned darts
 u - 5 javelins
 D - 4 datura-tipped darts
Armour
 j - a +0 cloak (worn)
 k - the +3 hat of Pondering {ponderous, Will+ MP+10 Int+5}
   (You took it off Gastronok on level 8 of the Dungeon)

   Int+5:     It affects your intelligence (+5).
   Will+:     It increases your willpower.
   MP+10:     It affects your magic capacity (+10).
 y - a +2 pair of gloves (worn)
 K - a +2 buckler
 L - a +0 plate armour (worn)
 N - a +0 pair of boots (worn)
 T - a +0 helmet
Jewellery
 c - a ring of magical power
 g - an amulet of magic regeneration (around neck)
 v - a +4 ring of protection (left hand)
 E - a +6 ring of strength (right hand)
 F - the ring "Cocvee" {rF+ Int+6}
   (You found it on level 6 of the Dungeon)

   [ring of intelligence]

   Int+6:     It affects your intelligence (+6).
   rF+:       It protects you from fire.
Wands
 h - a wand of quicksilver (8)
 l - a wand of charming (5)
 m - a wand of roots (10)
 r - a wand of mindburst (8)
 J - a wand of digging (6)
 Q - a wand of flame (9)
Scrolls
 a - a scroll of fear
 b - 2 scrolls of enchant armour
 e - a scroll of poison
 f - 17 scrolls of teleportation
 p - 6 scrolls of amnesia
 G - 2 scrolls of immolation
 H - 3 scrolls of enchant weapon
 O - 4 scrolls of identify
 R - 2 scrolls of vulnerability
 U - 2 scrolls of fog
Potions
 d - 2 potions of might
 n - 4 potions of cancellation
 o - 5 potions of enlightenment
 q - 3 potions of mutation
 s - a potion of lignification
 w - a potion of brilliance
 x - 4 potions of magic
 z - a potion of invisibility
 C - 2 potions of haste {unknown}
 I - 2 potions of resistance {unknown}
 S - 3 potions of ambrosia {unknown}


   Skills:
 - Level 12.0 Fighting
 - Level 5.5 Axes
 - Level 14.4 Staves
 - Level 11.2 Armour
 - Level 5.0 Dodging
 - Level 3.4 Shields
 + Level 16.2 Invocations


You had 12 spell levels left.
You didn't know any spells.
Your spell library contained the following spells:

 Spells                   Type           Power      Damage    Failure   Level
 Freeze                   Ice            0%         1d3       52%         1
 Magic Dart               Conj           0%         1d3       52%         1
 Call Imp                 Summ           0%         N/A       65%         2
 Ensorcelled Hibernation  Hex/Ice        0%         N/A       65%         2
 Mercury Vapours          Alch/Air       0%         N/A       65%         2
 Scorch                   Fire           0%         2d5       65%         2
 Searing Ray              Conj           0%         2d4       65%         2
 Sublimation of Blood     Necr           0%         N/A       65%         2
 Frozen Ramparts          Ice            0%         1d1       87%         3
 Fugue of the Fallen      Necr           0%         N/A       87%         3
 Hailstorm                Conj/Ice       0%         3d5       87%         3
 Mephitic Cloud           Conj/Alch/Air  0%         N/A       87%         3
 Ozocubu's Armour         Ice            0%         N/A       87%         3
 Volatile Blastmotes      Fire/Tloc      0%         2d10      87%         3
 Anguish                  Hex/Necr       0%         N/A       99%         4
 Flame Wave               Conj/Fire      0%         2d4       99%         4
 Fulminant Prism          Conj/Alch      0%         3d5       99%         4
 Iskenderun's Mystic Bla  Conj/Tloc      0%         2d3       99%         4
 Freezing Cloud           Conj/Ice/Air   0%         6-21      100%        5
 Metabolic Englaciation   Hex/Ice        0%         N/A       100%        5
 Summon Cactus Giant      Summ           0%         N/A       100%        6
 Summon Hydra             Summ           0%         N/A       100%        7


Dungeon Overview and Level Annotations

Branches:
Dungeon (13/15)            Temple (0/1) D:7            Lair (3/5) D:11
 Shoals (0/4) Lair:2          Orc (0/2) D:11          Sewer (visited)
Ossuary (visited)
  Snake: Lair:2-3    Spider: Lair:2-3    Vaults: D:13-14

Altars:
Ashenzari
Fedhas
Gozag
Hepliaklqana
Kikubaaqudgha
Makhleb
Trog
Vehumet
Wu Jian
Xom
Yredelemnul

Shops:
D:1 :(((   D:8 ?


Innate Abilities, Weirdness & Mutations

Your spellcasting is much less encumbered by armour.
You can use scrolls of enchantment on lesser artefacts.


Message History

You feel very sick. The vampire mosquito barely misses you.
The vampire mosquito bites you but does no damage.
The skyshark barely misses you.
The skyshark tail-slaps you but does no damage. x2
The cane toad stings you but does no damage. x2
You feel better. The vampire mosquito barely misses you.
The skyshark bites you.
* * * LOW HITPOINT WARNING * * *
The skyshark tastes blood and grows stronger!
The skyshark completely misses you.
The skyshark tail-slaps you but does no damage.
The cane toad stings you but does no damage.
The vampire mosquito bites you but does no damage.
The cane toad stings you.
* * * LOW HITPOINT WARNING * * *
You feel stronger.
You sense an unholy aura.
A - the +7 lajatang of Fuori (weapon)
{drain, rC- MP+9 Str+7} The vampire mosquito bites you but does no damage.
The cane toad closely misses you.
The skyshark bites you but does no damage.
The skyshark tail-slaps you but does no damage. x2
The cane toad stings you!
* * * LOW HITPOINT WARNING * * *
You are lethally poisoned!
The cane toad poisons you!
You slice the vampire mosquito!!
The vampire mosquito is severely damaged.
* * * LOW HITPOINT WARNING * * *
You feel very sick. The vampire mosquito barely misses you.
The cane toad misses you.
You feel better.
The vampire mosquito closely misses you.
The cane toad stings you!
* * * LOW HITPOINT WARNING * * *
You are lethally poisoned!
The cane toad poisons you! The skyshark misses you.
The skyshark tail-slaps you!
You die...

...~~~~~≈~
#..~P~P~≈~
##P~..~~~~
###....FP~# ###
#......~~~# ##.P#
#...$.P~###
#....####....~~~~##
............~y~≈~~#
........§†#@F~~~P#~~
#........#FF~P~≈~~~
#.#.....#..~~~≈≈~~
#.......##.~~~≈~~~
##..F#.#.#~~~~~~~~
##...###.#.~~~~≈~~
####....# ##..~~~~~≈
#.......###
##.~~~≈≈≈
#P........# ..~~~~~


You could see a skyshark (strong), 2 cane toads, a blink frog and a vampire
mosquito.

Vanquished Creatures
  Gastronok (D:8)
  Snorg (D:12)
  4 hydras
  3 boulder beetles
  3 two-headed ogres
  A death yak (Lair:2)
  The ghost of Dirtsage the Grappler, a novice TrFi of Wu Jian (D:7)
  A lindwurm (Lair:2)
  2 deep elf pyromancers (D:12)
  Maurice (D:8)
  6 manticores
  2 black mambas
  11 elephants
  A kobold demonologist (D:12)
  A torpor snail (Lair:2)
  2 unseen horrors
  5 cane toads
  5 komodo dragons
  Psyche (D:8)
  A troll (D:12)
  A queen bee (D:8)
  3 polar bears (Lair:2)
  A hornet (D:7)
  19 blink frogs
  A snapping turtle (Lair:2)
  Sigmund (D:4)
  2 shadows (D:9)
  2 wraiths
  54 yaks
  A water elemental (Lair:2)
  4 wyverns
  4 basilisks
  2 steam dragons
  3 vampire mosquitoes
  Edmund (D:4)
  An acid dragon (D:11)
  2 hell hounds (Lair:2)
  11 water moccasins
  4 black bears
  A sky beast (D:7)
  7 orc warriors
  2 ice beasts
  9 wolves (Lair:1)
  A phantom (D:7)
  2 centaurs
  2 weeping skulls
  A gnoll sergeant (D:8)
  14 bullfrogs
  2 scorpions (D:5)
  3 wights (D:9)
  23 killer bees
  7 howler monkeys
  2 electric eels (Lair:5)
  A centaur zombie (Ossuary)
  A jelly (D:5)
  A bombardier beetle (D:6)
  3 hounds
  4 human zombies (Ossuary)
  8 orc priests
  A sleepcap (D:4)
  3 iguanas
  7 orc wizards
  A crocodile zombie (Ossuary)
  2 hound zombies (Ossuary)
  3 mummies (Ossuary)
  4 gnolls (D:8)
  19 adders
  2 river rats (Sewer)
  2 ufetubi (D:6)
  3 adder zombies (Ossuary)
  4 dart slugs
  5 ribbon worms
  29 orcs
  10 ball pythons
  11 bats
  5 endoplasms
  6 giant cockroaches
  A gnoll zombie (Ossuary)
  13 goblins
  4 hobgoblins
  5 jackals
  6 quokkas
  3 ball python zombies (Ossuary)
  11 frilled lizards
  3 jackal zombies (Ossuary)
  7 kobolds
  6 kobold zombies (Ossuary)
  2 orc zombies (Ossuary)
  4 rats
  A spectral orc (D:8)
447 creatures vanquished.

Vanquished Creatures (others)
  An orc wizard (D:4)
1 creature vanquished.

Grand Total: 448 creatures vanquished

Notes
Turn   | Place    | Note
-------+----------+-------------------------------------------
     0 | D:1      | Alarak the Mountain Dwarf Fighter began the quest for the
                  | Orb.
     0 | D:1      | Reached XP level 1. HP: 19/19 MP: 1/1
   103 | D:1      | Found Nysoqeoc's Weapon Shop.
   122 | D:1      | Found Kyogh's Antique Weapon Shoppe.
   146 | D:1      | Reached XP level 2. HP: 26/26 MP: 2/2
   284 | D:1      | Found Weaczih's Weapon Shop.
   284 | D:1      | Found Hudil's Book Shop.
   346 | D:1      | Upgraded the game from 0.32-a0-779-g362cfcae2a to
                  | 0.32-a0-791-gfc315c9ecd
   731 | D:2      | Reached XP level 3. HP: 25/31 MP: 3/3
  1005 | D:2      | Reached skill level 5 in Axes
  1239 | D:2      | Reached XP level 4. HP: 38/38 MP: 4/4
  1268 | D:2      | Identified the +9 sling of Patterns {speed, rPois rF+ rC+
                  | Int+2}
  1998 | D:3      | Found a glowing drain.
  2015 | Sewer    | Entered a sewer
  2185 | Sewer    | Reached XP level 5. HP: 21/47 MP: 5/5
  2894 | D:3      | Reached skill level 5 in Fighting
  3208 | D:3      | Found a radiant altar of Vehumet.
  3208 | D:3      | Found an ancient bone altar of Kikubaaqudgha.
  3216 | D:3      | Found an opulent altar of Gozag.
  3218 | D:3      | Found a bloodstained altar of Trog.
  3220 | D:3      | Found a burning altar of Makhleb.
  3285 | D:3      | Became a worshipper of Makhleb the Destroyer
  3658 | D:4      | Found a sand-covered staircase.
  3667 | Ossuary  | Entered an ossuary
  3707 | Ossuary  | Reached skill level 1 in Dodging
  3752 | Ossuary  | Reached XP level 6. HP: 54/56 MP: 6/6
  3839 | Ossuary  | Reached * piety under Makhleb
  4011 | Ossuary  | Reached XP level 7. HP: 52/61 MP: 7/7
  4136 | D:4      | Found a shimmering altar of Xom.
  4148 | D:4      | Noticed Sigmund
  4153 | D:4      | Killed Sigmund
  4480 | D:4      | Reached skill level 5 in Dodging
  4523 | D:4      | Noticed Edmund
  4546 | D:4      | Killed Edmund
  4547 | D:4      | Reached skill level 3 in Invocations
  4665 | D:4      | Reached ** piety under Makhleb
  4908 | D:5      | Entered Level 5 of the Dungeon
  4919 | D:5      | Reached skill level 4 in Invocations
  4919 | D:5      | Reached XP level 8. HP: 68/68 MP: 9/11
  5119 | D:5      | Reached skill level 5 in Invocations
  5122 | D:5      | Identified the +7 lajatang of Fuori {drain, rC- MP+9 Str+7}
  5224 | D:5      | Found a blossoming altar of Fedhas.
  5419 | D:5      | Reached skill level 6 in Invocations
  5557 | D:6      | Reached skill level 1 in Staves
  5606 | D:6      | Identified the ring "Cocvee" {rF+ Int+6}
  5926 | D:6      | Reached skill level 5 in Staves
  6383 | D:7      | Killed an unseen horror
  6384 | D:7      | Reached XP level 9. HP: 43/74 MP: 13/13
  6601 | D:7      | Found a staircase to the Ecumenical Temple.
  6739 | D:7      | Found a runed translucent door.
  6739 | D:7      | Noticed Dirtsage's ghost (novice TrFi)
  6739 | D:7      | You fall into a shaft and drop 3 floors!
  6739 | D:10     | Entered Level 10 of the Dungeon
  6809 | D:9      | Reached *** piety under Makhleb
  6886 | D:9      | Reached skill level 10 in Staves
  7028 | D:9      | Reached XP level 10. HP: 81/81 MP: 14/14
  7184 | D:9      | Noticed a two-headed ogre
  7193 | D:9      | Killed a two-headed ogre
  7200 | D:9      | Noticed a two-headed ogre
  7207 | D:9      | Killed a two-headed ogre
  7424 | D:8      | Noticed Gastronok
  7443 | D:8      | Killed Gastronok
  7443 | D:8      | Reached **** piety under Makhleb
  7621 | D:7      | Found a hazy altar of Hepliaklqana.
  7622 | D:7      | Found a broken altar of Ashenzari.
  7749 | D:7      | Killed Dirtsage's ghost
  7750 | D:7      | Reached XP level 11. HP: 90/90 MP: 15/15
  7940 | D:8      | Noticed a two-headed ogre
  7947 | D:8      | Killed a two-headed ogre
  7951 | D:8      | Reached skill level 5 in Armour
  8119 | D:8      | Noticed Psyche
  8124 | D:8      | Killed Psyche
  8801 | D:8      | Noticed Maurice
  8815 | D:8      | Killed Maurice
  8875 | D:8      | Found Ecsof's Magic Scroll Shop.
  9177 | D:8      | Found a basalt altar of Yredelemnul.
  9217 | D:8      | Found an ornate altar of the Wu Jian Council.
 10201 | D:10     | Reached ***** piety under Makhleb
 10956 | D:11     | Reached skill level 10 in Armour
 11494 | D:11     | Reached XP level 12. HP: 97/97 MP: 16/16
 11497 | D:11     | Found a staircase to the Lair.
 11619 | D:11     | Found a staircase to the Orcish Mines.
 11862 | D:12     | Reached skill level 7 in Invocations
 11981 | D:12     | Reached skill level 8 in Invocations
 12126 | D:12     | Noticed Snorg
 12136 | D:12     | Killed Snorg
 12142 | D:12     | Reached skill level 9 in Invocations
 13014 | D:12     | Noticed a boulder beetle
 13069 | D:12     | Killed a boulder beetle
 13169 | Lair:1   | Entered Level 1 of the Lair of Beasts
 13187 | Lair:1   | Found a radiant altar of Vehumet.
 13226 | Lair:1   | Reached skill level 10 in Fighting
 13467 | Lair:1   | Reached ****** piety under Makhleb
 13521 | Lair:1   | Reached XP level 13. HP: 118/118 MP: 19/19
 14134 | Lair:2   | Reached skill level 10 in Invocations
 14318 | Lair:2   | Found a staircase to the Shoals.
 14572 | Lair:2   | Reached skill level 11 in Invocations
 14857 | Lair:2   | Reached skill level 12 in Invocations
 15061 | Lair:2   | Reached skill level 13 in Invocations
 16123 | Lair:3   | Reached skill level 14 in Invocations
 16180 | Lair:3   | Reached skill level 15 in Invocations
 16357 | Lair:3   | You fall into a shaft and drop 2 floors!
 16357 | Lair:5   | Entered Level 5 of the Lair of Beasts
 16397 | Lair:5   | Reached skill level 16 in Invocations
 16424 | Lair:5   | HP: 2/118 [poisoned by a cane toad]
 16425 | Lair:5   | Slain by a skyshark

Illustrated notes

Levels and vault maps discovered:
D:1:      ldierk_walled_garden, layout_basic, serial_shops, shop, shop,
          nicolae_shop_tiny_glass, shop, corexii_leaking_fountain
D:2:      layout_basic
D:3:      layout_loops_corners, chequers_temple_overflow_minitemple,
          portal_sewer_entry_a
D:4:      layout_loops_ring, mainiacjoe_overflow_24_doors,
          nicolae_ossuary_entry_monument, hangedman_abyss_or_decor_slice,
          chequers_garden, kennysheep_generic_room_4, uniq_edmund, uniq_sigmund
D:5:      layout_loops_cross, fedhas_altar_3, hangedman_decor_diamond_cutter
D:6:      layout_cave_pods
D:7:      layout_basic, grunt_temple_overflow_open,
          minmay_temple_entry_statues_fountains, hellmonk_ghost_happy_afterlife,
          st_stairs_9
D:8:      layout_layer_cave, mainiacjoe_overflow_alcove_2,
          yredelemnul_forgotten_temple_becter,
          hangedman_abyss_or_decor_jellyfish_corner, nicolae_take_the_stairs,
          minmay_stone_trees_small, nicolae_looking_at_the_future, uniq_maurice,
          uniq_psyche, uniq_gastronok
D:9:      layout_loops_ring
D:10:     layout_basic, enter_bailey_5
D:11:     layout_basic, david_lair_generic, orc_0_dummy
D:12:     layout_irregular_city, uniq_snorg
D:13:     layout_layer_cave, ebering_ghost_xom, grunt_decor_one_mirror
Lair:1:   layout_loops_ring, basic_altar, grunt_megastairs_2
Lair:2:   nzn_winding_woodlands_stair_cross
          [nzn_winding_woodlands_5x15_sidewinder,
          nzn_winding_woodlands_center_diamonds,
          nzn_winding_woodlands_5x15_twine,
          nzn_winding_woodlands_5x5_closed_star,
          nzn_winding_woodlands_5x5_cross, nzn_winding_woodlands_5x15_pockets,
          nzn_winding_woodlands_center_triple_pond,
          nzn_winding_woodlands_5x15_concentric], layout_layer_cave,
          minmay_shoals_entry_hut, enter_volcano_3,
          nicolae_quartered_pool_impasse
Lair:3:   layout_chaotic_city, spider_nest_entry_rubble, grunt_megastairs_4
Lair:5:   minmay_lair_end_frog_pond, layout_cave_pods, slime_entry_1, uniq_urug

Skill      XL: |  1  2  3  4  5  6  7  8  9 10 11 12 13 |
---------------+----------------------------------------+-----
Axes           | 3 4 5 |  5.5
Fighting       | 4 5 6 12 | 12.0
Dodging        | 1 3 5 |  5.0
Invocations    | 4 6 9 16 | 16.2
Staves         | 7 11 14 | 14.4
Armour         | 11 | 11.2
Shields        | |  3.4

Action                     |  1- 3 |  4- 6 |  7- 9 | 10-12 | 13-15 || total
---------------------------+-------+-------+-------+-------+-------++-------
  Melee: War axe           |   107 |    13 |       |       |       ||   120
         Lajatang          |       |       |    92 |   490 |   218 ||   800
         Flail             |       |       |       |       |    16 ||    16
   Fire: Sling             |       |   275 |   147 |       |       ||   422
  Throw: Stone             |     5 |       |       |       |       ||     5
         Dart              |       |       |     1 |       |       ||     1
 Invoke: Minor Destruction |       |       |    36 |   200 |    41 ||   277
    Use: Scroll            |       |     6 |     5 |    12 |     1 ||    24
         Potion            |       |       |     1 |     2 |     4 ||     7
 Armour: Scale mail        |    20 |       |       |       |       ||    20
         Chain mail        |    67 |     6 |    84 |       |       ||   157
         Leather armour    |       |    84 |    24 |       |       ||   108
         Plate armour      |       |       |    23 |   432 |   357 ||   812
  Dodge: Dodged            |    44 |    80 |    76 |   183 |   163 ||   546
  Block: Buckler           |    28 |    38 |     8 |       |       ||    74

Table legend: (Time is in decaauts)
 A = Elapsed time spent in this place.
 B = Non-inter-level travel time spent in this place.
 C = Inter-level travel time spent in this place.
 D = Time resting spent in this place.
 E = Time spent auto-exploring this place.
 F = Levels seen in this place.
 G = Mean time per level.
                   A        B        C        D        E       F      G
               +--------+--------+--------+--------+--------+-----+--------+
         Total |  16562 |  15419 |   1143 |    877 |  11737 |  19 |  871.7 |
       Dungeon |  11888 |  10934 |    954 |    571 |   8604 |  13 |  914.5 |
          Lair |   3217 |   3028 |    189 |    304 |   2215 |   4 |  804.2 |
         Sewer |   1016 |   1016 |      0 |      2 |    703 |   1 | 1016.0 |
       Ossuary |    440 |    440 |      0 |      0 |    214 |   1 |  440.0 |
               +--------+--------+--------+--------+--------+-----+--------+

Top non-repeatable levels by time:
  Lair:2: 2000 daAuts
     D:8: 1785 daAuts
    D:12: 1275 daAuts
     D:2: 1268 daAuts
    D:10: 1064 daAuts
   Sewer: 1016 daAuts
    D:11: 982 daAuts
  Lair:1: 951 daAuts
     D:3: 910 daAuts
     D:9: 893 daAuts
     D:4: 816 daAuts
     D:7: 792 daAuts
     D:1: 732 daAuts
     D:6: 723 daAuts
     D:5: 641 daAuts
